 Dungeon Crawl Stone Soup version 0.31.0-32-g396128a36d (webtiles) character file.

Game seed: 1452577197405379312

1942 Painter the Ducker (level 9, 0/61 HPs)
             Began as an Octopode Shapeshifter on Mar 11, 2024.
             Was an Initiate of Gozag.
             Slain by seawaffle's ghost (15 damage)
             ... on level 6 of the Dungeon.
             The game lasted 00:09:26 (4976 turns).

Painter the Ducker (Octopode Shapeshifter)          Turns: 4976, Time: 00:09:27

Health: 0/61       AC:  1    Str: 19    XL:     9   Next: 18%
Magic:  12/12      EV: 15    Int: 16    God:    Gozag
Gold:   241        SH:  0    Dex: 12    Spells: 12/12 levels left

rFire   . . .        k - +2 rapier (speed)
rCold   . . .        (no shield)
rNeg    . . .        (helmet currently unavailable)
rPois   .            n - amulet of regeneration
rElec   .            S - +6 ring of strength
rCorr   .            (no ring)
SInv    .            (no ring)
Will    .....        (no ring)
Stlth   ++++         (no ring)
HPRegen 1.10/turn    (no ring)
MPRegen 0.13/turn    (no ring)
                     (no ring)

%: no passive effects
@: beast-form, studying Dodging
A: beast (slay +2), almost no armour, amphibious, 8 rings, camouflage 1,
gelatinous body 1, (nimble swimmer 1), tentacles
a: Begin Untransformation, Renounce Religion, Potion Petition, Call Merchant,
Bribe Branch


You were on level 6 of the Dungeon.
You worshipped Gozag.
Gozag was aware of your devotion.
You were a hulking beast.
You visited 2 branches of the dungeon, and saw 7 of its levels.

You collected 339 gold pieces.
You paid 98 gold pieces to Gozag.


Innate Abilities, Weirdness & Mutations

You are a hulking beast.
Your limbs bulge with bestial killing power. (Slay +2)
You cannot wear most types of armour.
You are amphibious.
You can wear up to eight rings at the same time.
Your skin changes colour to match your surroundings (Stealth+).
Your rubbery body absorbs attacks. (AC +1, EV +1)
((You are camouflaged when in or above water. (Stealth+)))
You have tentacles for arms and can constrict up to eight enemies at once.


   Skills:
 - Level 5.0 Fighting
 - Level 6.0 Short Blades
 + Level 6.1 Dodging
 - Level 5.0 Stealth
 - Level 3.0 Unarmed Combat
 - Level 2.0 Spellcasting
 - Level 4.0 Evocations
 - Level 5.0 Shapeshifting


You had 12 spell levels left.
You didn't know any spells.
Your spell library contained the following spells:

 Spells                   Type           Power      Damage    Failure   Level
 Necrotise                Necr           4%         1d4       21%         1
 Sting                    Conj/Alch      4%         1d3       21%         1
 Mercury Vapours          Alch/Air       2%         N/A       30%         2
 Fugue of the Fallen      Necr           1%         N/A       52%         3
 Ozocubu's Armour         Ice            1%         N/A       52%         3
 Vampiric Draining        Necr           1%         2d6       52%         3
 Manifold Assault         Tloc           1%         N/A       90%         4
 Martyr's Knell           Necr/Summ      1%         N/A       90%         4
 Olgreb's Toxic Radiance  Alch           1%         N/A       90%         4
 Curse of Agony           Necr           1%         N/A       99%         5

Inventory:

Hand Weapons
 k - a +2 rapier of speed (weapon)
Jewellery
 n - an amulet of regeneration (around mantle)
 S - a +6 ring of strength (left tentacle)
Talismans
 b - a beast talisman
 c - a flux talisman
Wands
 e - a wand of quicksilver (5)
 i - a wand of charming (10)
 m - a wand of roots (9)
 u - a wand of mindburst (17)
Scrolls
 d - a scroll of brand weapon {unknown}
 g - 2 scrolls of teleportation {@r2}
 q - 3 scrolls of amnesia
 s - a scroll of fog
 t - a scroll of revelation
Potions
 a - a potion of lignification
 f - 2 potions of enlightenment
 h - 2 potions of might
 j - a potion of mutation
 l - 3 potions of brilliance
 o - a potion of berserk rage {!q}
 p - a potion of heal wounds {@q2}
 r - 2 potions of curing {@q1}

Dungeon Overview and Level Annotations

Branches:
Dungeon (6/15)             Temple (1/1) D:6

Altars:
Ashenzari
Cheibriados
Dithmenos
Elyvilon
Fedhas
Gozag
Nemelex Xobeh
Okawaru
Qazlal
Ru
Sif Muna
Trog
Uskayaw
Wu Jian
Xom
Yredelemnul
Zin
The Shining One

Shops:
D:2 (   D:4 (

Annotations:
D:6 seawaffle's ghost, novice TrBe

.........................#....###
..................##.........##
................######......##
...#######.....## ##....##
.....##........# ##..##
...........#..▒▒▒▒▒ #..#
.........####.▒.8.▒ ##..#
........## ##▒.=W▒ ###...#######
........# ▒▒h▒▒ #...........#
........## #...# #...▒...▒..(#
.........## #...###...▒.⌠.▒...#
..........## #....##.▒▒▒...▒▒▒..
...........####.....#............
......####...##........⌠..>..⌠...
....### ##......................
...## ###.........▒▒▒...▒▒▒..
....# ##..........▒.⌠.▒....


You could see seawaffle's ghost.


Message History

You open the door. Seawaffle's ghost hits you.
There is an open translucent door here.
Unknown command.
You closely miss seawaffle's ghost. Seawaffle's ghost hits you!
You hit seawaffle's ghost. You squeeze seawaffle's ghost!
Seawaffle's ghost is moderately damaged.
Unknown command.
You barely miss seawaffle's ghost. You tentacle-slap seawaffle's ghost.
Seawaffle's ghost is moderately damaged.
Seawaffle's ghost hits you!
You hit seawaffle's ghost.
Seawaffle's ghost is moderately damaged.
Unknown command.
You hit seawaffle's ghost.
Seawaffle's ghost is moderately damaged.
Seawaffle's ghost hits you!!
* * * LOW HITPOINT WARNING * * *
You hit seawaffle's ghost but do no damage.
You squeeze seawaffle's ghost!
Seawaffle's ghost is heavily damaged.
Seawaffle's ghost completely misses you.
You puncture seawaffle's ghost! You tentacle-slap seawaffle's ghost.
Seawaffle's ghost is severely damaged.
Unknown command.
You puncture seawaffle's ghost! You squeeze seawaffle's ghost!
Seawaffle's ghost is almost destroyed.
Seawaffle's ghost hits you!
You die...
Your body crumbles into a pile of gold.

Skill      XL: |  1  2  3  4  5  6  7  8  9 |
---------------+----------------------------+-----
Fighting       | 2 3 4 5 |  5.0
Short Blades   | 2 4 5 6 |  6.0
Stealth        | 4 5 |  5.0
Dodging        | 3 6 |  6.1
Evocations     | 4 |  4.0
Shapeshifting  | 5 |  5.0
Spellcasting   | 1 2 |  2.0
Unarmed Combat | |  3.0

Action                     |  1- 3 |  4- 6 |  7- 9 || total
---------------------------+-------+-------+-------++-------
  Melee: Unarmed           |    59 |     3 |       ||    62
         Constrict         |    18 |    26 |    38 ||    82
         Tentacles         |    11 |    17 |    51 ||    79
         Rapier            |       |    94 |   176 ||   270
         Punch             |       |     1 |    11 ||    12
  Evoke: Wand              |       |     2 |     1 ||     3
    Use: Scroll            |       |     6 |     8 ||    14
         Potion            |       |     1 |       ||     1
   Stab: Sleeping          |     5 |     8 |     7 ||    20
 Armour: Skin              |    19 |    40 |    56 ||   115
  Dodge: Dodged            |    31 |    61 |    47 ||   139

Levels and vault maps discovered:
D:1:      mushboom_english_gardens, layout_loops_ring,
          minmay_misc_feat_more_columns
D:2:      layout_loops_ring, basic_altar, serial_shops, nicolae_shop_waterfront
D:3:      layout_basic, dreamdust_ecumenical_altar_drowned_temple,
          minmay_fractal_squares_5
D:4:      layout_basic, nicolae_uskayaw_murder_on_the_dancefloor,
          evilmike_ruin_ashenzari, serial_shops, nicolae_shop_waterfront
D:5:      layout_loops_corners, zin_scriptorium, mainiacjoe_overflow_chevrons,
          yredelemnul_forgotten_temple_becter, serial_glass, glass_columns_a,
          glass_columns_b, glass_columns_b, glass_columns_a, glass_columns_b,
          glass_columns_b, glass_columns_b, glass_columns_a, uniq_ijyb,
          uniq_prince_ribbit1, uniq_crazy_yiuf_cottage
D:6:      layout_layer_cave, hellmonk_overflow_destroyed_library,
          minmay_temple_entry_junction_2, gammafunk_ghost_grave
Temple:   eino_wide_crystal_templ

Notes
Turn   | Place    | Note
-------+----------+-------------------------------------------
     0 | D:1      | Painter the Octopode Shapeshifter began the quest for the
                  | Orb.
     0 | D:1      | Reached XP level 1. HP: 13/13 MP: 1/1
    96 | D:1      | Reached skill level 2 in Fighting
    96 | D:1      | Reached XP level 2. HP: 19/19 MP: 2/2
   641 | D:2      | Reached XP level 3. HP: 25/25 MP: 3/3
   652 | D:2      | Reached skill level 3 in Fighting
   851 | D:2      | Found Plog's Weapon Boutique.
   911 | D:2      | Reached XP level 4. HP: 33/33 MP: 4/4
   999 | D:2      | Found a shimmering altar of Xom.
  1652 | D:3      | Found a faded altar of an unknown god.
  1826 | D:3      | Reached skill level 4 in Fighting
  1828 | D:3      | Reached skill level 1 in Short Blades
  1843 | D:3      | Reached skill level 2 in Short Blades
  1843 | D:3      | Reached XP level 5. HP: 19/37 MP: 5/5
  2072 | D:4      | Reached skill level 3 in Short Blades
  2110 | D:4      | Found a broken altar of Ashenzari.
  2120 | D:4      | HP: 1/37 [gnoll/+0 spear[a gnoll sergeant] (3)]
  2138 | D:4      | Reached skill level 4 in Short Blades
  2138 | D:4      | Reached XP level 6. HP: 12/43 MP: 6/6
  2243 | D:4      | Found a hide-covered altar of Uskayaw.
  2339 | D:4      | Reached skill level 5 in Short Blades
  2451 | D:4      | Reached XP level 7. HP: 27/48 MP: 7/7
  2697 | D:4      | Found Faass's Weapon Boutique.
  2716 | D:4      | Reached skill level 6 in Short Blades
  2723 | D:4      | Reached skill level 1 in Stealth
  2841 | D:4      | Reached skill level 2 in Stealth
  2916 | D:5      | Entered Level 5 of the Dungeon
  2939 | D:5      | Noticed Prince Ribbit
  2960 | D:5      | Killed Prince Ribbit
  2961 | D:5      | Reached skill level 5 in Fighting
  2961 | D:5      | Reached skill level 4 in Stealth
  2994 | D:5      | Reached XP level 8. HP: 55/55 MP: 8/8
  3000 | D:5      | Reached skill level 5 in Stealth
  3049 | D:5      | Found a basalt altar of Yredelemnul.
  3068 | D:5      | Reached skill level 3 in Dodging
  3068 | D:5      | Reached skill level 1 in Evocations
  3227 | D:5      | Found a white marble altar of Elyvilon.
  3264 | D:5      | Noticed Ijyb
  3273 | D:5      | Killed Ijyb
  3468 | D:5      | Reached skill level 2 in Evocations
  3499 | D:5      | Reached skill level 3 in Evocations
  3523 | D:5      | Reached skill level 4 in Shapeshifting
  3574 | D:5      | Reached skill level 4 in Evocations
  3621 | D:5      | Found a glowing silver altar of Zin.
  3846 | D:5      | Reached skill level 5 in Shapeshifting
  3965 | D:5      | Found a runed translucent door.
  3966 | D:5      | Noticed Crazy Yiuf
  3992 | D:5      | Killed Crazy Yiuf
  3993 | D:5      | Reached skill level 1 in Spellcasting
  4011 | D:5      | Identified a scroll of acquirement
  4011 | D:5      | Acquired a manual of Dodging
  4139 | D:6      | Reached XP level 9. HP: 61/61 MP: 9/11
  4201 | D:6      | Reached skill level 5 in Dodging
  4201 | D:6      | Reached skill level 2 in Spellcasting
  4241 | D:6      | Found a shimmering blue altar of Sif Muna.
  4243 | D:6      | Found a bloodstained altar of Trog.
  4567 | D:6      | Found a staircase to the Ecumenical Temple.
  4579 | Temple   | Entered the Ecumenical Temple
  4586 | Temple   | Became a worshipper of Gozag Ym Sagoz the Greedy
  4599 | D:6      | Found a runed translucent door.
  4603 | D:6      | Reached skill level 6 in Dodging
  4782 | D:6      | Noticed seawaffle's ghost (novice TrBe)
  4976 | D:6      | Slain by seawaffle's ghost

Vanquished Creatures
  Prince Ribbit (D:5)
  2 water moccasins (D:5)
  2 ice beasts (D:6)
  A phantom (D:5)
  A weeping skull (D:5)
  A gnoll sergeant (D:4)
  4 scorpions
  A bombardier beetle (D:4)
  A jelly (D:4)
  3 hounds
  A gnoll bouda (D:6)
  An orc priest (D:4)
  Crazy Yiuf (D:5)
  A sleepcap (D:6)
  Ijyb (D:5)
  5 iguanas
  7 orc wizards
  7 gnolls
  12 adders
  2 shadow imps (D:6)
  2 ufetubi (D:5)
  5 dart slugs
  2 ribbon worms
  12 orcs
  3 ball pythons
  6 endoplasms
  5 giant cockroaches
  7 goblins
  9 hobgoblins
  9 jackals
  4 quokkas
  7 bats
  A frilled lizard (D:1)
  5 kobolds
  8 rats
  A spectral goblin (D:3)
  A spectral orc (D:5)
142 creatures vanquished.

Table legend: (Time is in decaauts)
 A = Elapsed time spent in this place.
 B = Non-inter-level travel time spent in this place.
 C = Inter-level travel time spent in this place.
 D = Time resting spent in this place.
 E = Time spent auto-exploring this place.
 F = Levels seen in this place.
 G = Mean time per level.
                   A        B        C        D        E       F      G
               +--------+--------+--------+--------+--------+-----+--------+
         Total |   4874 |   4728 |    146 |    132 |   3676 |   7 |  696.3 |
       Dungeon |   4859 |   4721 |    138 |    132 |   3676 |   6 |  809.8 |
        Temple |     14 |      7 |      7 |      0 |      0 |   1 |   14.0 |
               +--------+--------+--------+--------+--------+-----+--------+

Top non-repeatable levels by time:
     D:5: 1059 daAuts
     D:6: 927 daAuts
     D:4: 847 daAuts
     D:2: 809 daAuts
     D:1: 635 daAuts
     D:3: 580 daAuts
  Temple: 14 daAuts

Table legend:
 A = Non-vault XP
 B = Vault XP
 C = Vault XP percentage of total XP
 D = Non-vault monster count
 E = Vault monster count
 F = Vault count percentage of total count
                 A         B        C        D         E       F
            +---------+---------+-------+---------+---------+-------
      Total |    2263 |     512 |  18.5 |     130 |      12 |   8.5
            +---------+---------+-------+---------+---------+-------
        D:1 |      32 |       0 |   0.0 |      18 |       0 |   0.0
        D:2 |      72 |       0 |   0.0 |      26 |       0 |   0.0
        D:3 |      27 |      60 |  69.0 |      16 |       7 |  30.4
        D:4 |     657 |       0 |   0.0 |      27 |       0 |   0.0
        D:5 |     963 |     452 |  31.9 |      30 |       5 |  14.3
        D:6 |     512 |       0 |   0.0 |      13 |       0 |   0.0
            +---------+---------+-------+---------+---------+-------
